 Dungeon Crawl Stone Soup version 0.24.0-35-gdb84b6a5db (webtiles) character file.

Game seed: 8384315064170962845, levelgen mode: deterministic

513055 Peloso the Hoplite (level 24, -2/230 (231) HPs)
             Began as a Minotaur Fighter on Nov 19, 2019.
             Was the Champion of Okawaru.
             Killed from afar by an ancient lich (29 damage)
             ... with a lance of force
             ... on level 5 of the Vaults.
             The game lasted 02:42:27 (56208 turns).

Peloso the Hoplite (Minotaur Fighter)              Turns: 56208, Time: 02:42:28

HP:   -2/230 (231)  AC: 27    Str: 36    XL:     24   Next: 39%
MP:   25/25         EV: 18    Int:  5    God:    Okawaru [******]
Gold: 3122          SH: 22    Dex: 16    Spells: 25/25 levels left

rFire    + . .     SeeInvis .   a - +10 zealot's sword {holy, *Rage rN+ EV+3}
rCold    + . .     Gourm    .   X - +2 shield of Resistance {rF+ rC+ MR+}
rNeg     + + .     Faith    .   k - +3 plate armour {rPois}
rPois    +         Spirit   .   K - +0 hat {MR+}
rElec    .         Reflect  .   U - scarf {cloud immunity}
rCorr    .         Harm     .   j - +1 pair of gloves {Str+3}
MR       ++++.     Rnd*Rage +   J - +1 pair of boots {Fly}
Stlth    ..........             x - amulet of Awe {+Rage rN+ MR+ Slay+3}
HPRegen  0.48/turn              T - +2 ring of strength
MPRegen  0.19/turn              (no ring)

@: berserk cooldown, flying, slowed, very slow
A: retaliatory headbutt, horns 2, agile 1, strong 1
}: 2/15 runes: decaying, serpentine
a: Heroism, Finesse, Renounce Religion, Evoke Berserk Rage, Stop Flying


You were on level 5 of the Vaults.
You worshipped Okawaru.
Okawaru was exalted by your worship.
You were hungry.

You visited 8 branches of the dungeon, and saw 40 of its levels.
You visited the Abyss 1 time.
You visited 1 bazaar.
You also visited: Trove, Gauntlet, Ice Cave, Volcano and Wizlab.

You collected 5545 gold pieces.
You spent 2423 gold pieces at shops.

Inventory:

Hand Weapons
 a - the +10 zealot's sword (weapon) {holy, *Rage rN+ EV+3}
   (Okawaru gifted it to you on level 10 of the Dungeon)

   It has been blessed by the Shining One to cause great damage to the undead
   and demons.
   It affects your evasion (+3).
   It protects you from negative energy.
   It may make you go berserk in combat.
 b - a +3 demon blade of flaming
Armour
 j - a +1 pair of gloves of strength (worn)
 k - a +3 plate armour of poison resistance (worn)
 o - a +2 pair of boots of running
 G - the +3 warlock's mirror {reflect}
   (You bought it in a shop on level 2 of the Orcish Mines)
 J - a +1 pair of boots of flying (worn)
 K - a +0 hat of magic resistance (worn)
 U - a scarf of cloud immunity (worn)
 X - the +2 shield of Resistance (worn) {rF+ rC+ MR+}
   (You bought it in a shop on level 2 of the Orcish Mines)

   It protects you from fire.
   It protects you from cold.
   It affects your resistance to hostile enchantments.
 Z - the +7 chain mail "Xocs" {rC++ Str+5}
   (You bought it in a shop on level 2 of the Orcish Mines)

   It affects your strength (+5).
   It greatly protects you from cold.
Jewellery
 m - the amulet of Tempters {Gourm Int+4}
   (You found it in a treasure trove)

   [amulet of the gourmand]

   It allows you to eat raw meat even when not hungry.
   It affects your intelligence (+4).
 p - an uncursed amulet of the acrobat
 x - the amulet of Awe (around neck) {+Rage rN+ MR+ Slay+3}
   (You found it on level 1 of the Swamp)

   [amulet of rage]

   It affects your accuracy and damage with ranged weapons and melee attacks
   (+3).
   It protects you from negative energy.
   It affects your resistance to hostile enchantments.
   It lets you go berserk.
 T - a +2 ring of strength (left hand)
Wands
 g - a wand of flame (43)
Scrolls
 e - 2 scrolls of magic mapping
 l - a scroll of blinking
 s - 2 scrolls of silence
 t - 10 scrolls of remove curse
 u - 11 scrolls of identify
 w - 5 scrolls of amnesia
 y - 4 scrolls of fear
 B - 2 scrolls of fog
 L - 7 scrolls of teleportation
Potions
 c - 19 potions of heal wounds
 d - 13 potions of might
 n - 5 potions of berserk rage
 D - 5 potions of agility
 I - 21 potions of curing
 M - 2 potions of mutation
 N - 5 potions of haste
 P - a potion of ambrosia
 R - 4 potions of resistance
Comestibles
 f - 55 rations


   Skills:
 + Level 21.7 Fighting
 + Level 22.4 Long Blades
   Level 4.2 Polearms
 + Level 1.6 Throwing
 + Level 19.1 Armour
 + Level 9.1 Dodging
 + Level 4.2 Stealth
 + Level 25.9 Shields
 + Level 2.8 Unarmed Combat
 + Level 1.0 Spellcasting
   Level 1.5 Charms
 + Level 4.4 Invocations
 + Level 2.4 Evocations


You had 25 spell levels left.
You didn't know any spells.
Your spell library contained the following spells:

 Spells                   Type           Power        Failure   Level  Hunger
 Song of Slaying          Chrm           #.......     80%         2    ###....
 Animate Skeleton         Necr           N/A          86%         1    ##.....
 Apportation              Tloc           #.....       86%         1    ##.....
 Confusing Touch          Hex            #.....       86%         1    ##.....
 Corona                   Hex            #......      86%         1    ##.....
 Flame Tongue             Conj/Fire      #....        86%         1    ##.....
 Freeze                   Ice            #...         86%         1    ##.....
 Magic Dart               Conj           #...         86%         1    ##.....
 Pain                     Necr           #...         86%         1    ##.....
 Sandblast                Erth           #.....       86%         1    ##.....
 Shock                    Conj/Air       #...         86%         1    ##.....
 Sting                    Conj/Pois      #...         86%         1    ##.....
 Summon Butterflies       Summ           #.......     86%         1    ##.....
 Summon Small Mammal      Summ           #...         86%         1    ##.....
 Swiftness                Chrm/Air       #.......     88%         2    ###....
 Blink                    Tloc           N/A          94%         2    ###....
 Call Imp                 Summ           #.......     94%         2    ###....
 Ensorcelled Hibernation  Hex/Ice        #.....       94%         2    ###....
 Passwall                 Tmut/Erth      #.......     94%         2    ###....
 Poisonous Vapours        Pois/Air       #.....       94%         2    ###....
 Searing Ray              Conj           #.....       94%         2    ###....
 Sticks to Snakes         Tmut           #.......     94%         2    ###....
 Sublimation of Blood     Necr           #.........   94%         2    ###....
 Throw Flame              Conj/Fire      #.....       94%         2    ###....
 Throw Frost              Conj/Ice       #.....       94%         2    ###....
 Ozocubu's Armour         Chrm/Ice       #.......     98%         3    ####...
 Regeneration             Chrm/Necr      #.........   98%         3    ####...
 Call Canine Familiar     Summ           #.......     99%         3    ####...
 Confuse                  Hex            #.......     99%         3    ####...
 Conjure Flame            Conj/Fire      #.......     99%         3    ####...
 Dazzling Spray           Conj/Hex       #.....       99%         3    ####...
 Gell's Gravitas          Tloc           #.........   99%         3    ####...
 Ignite Poison            Fire/Tmut/Pois #.......     99%         3    ####...
 Inner Flame              Hex/Fire       #.......     99%         3    ####...
 Lesser Beckoning         Tloc           #.........   99%         3    ####...
 Mephitic Cloud           Conj/Pois/Air  #.......     99%         3    ####...
 Portal Projectile        Hex/Tloc       #.....       99%         3    ####...
 Recall                   Summ/Tloc      N/A          99%         3    ####...
 Static Discharge         Conj/Air       #.......     99%         3    ####...
 Stone Arrow              Conj/Erth      #.....       99%         3    ####...
 Summon Guardian Golem    Hex/Summ       #.......     99%         3    ####...
 Tukima's Dance           Hex            #.......     99%         3    ####...
 Vampiric Draining        Necr           #.........   99%         3    ####...
 Airstrike                Air            #.........   100%        4    #####..
 Animate Dead             Necr           N/A          100%        4    #####..
 Cause Fear               Hex            #.........   100%        4    #####..
 Force Lance              Conj/Tloc      #.......     100%        4    #####..
 Fulminant Prism          Conj/Hex       #.........   100%        4    #####..
 Iskenderun's Mystic Bla  Conj           #.......     100%        4    #####..
 Olgreb's Toxic Radiance  Pois           #.......     100%        4    #####..
 Passage of Golubria      Tloc           N/A          100%        4    #####..
 Petrify                  Tmut/Erth      #.......     100%        4    #####..
 Sticky Flame             Conj/Fire      #.......     100%        4    #####..
 Summon Ice Beast         Ice/Summ       #.......     100%        4    #####..
 Summon Lightning Spire   Summ/Air       #.......     100%        4    #####..
 Throw Icicle             Conj/Ice       #.......     100%        4    #####..
 Alistair's Intoxication  Tmut/Pois      #.......     100%        5    ######.
 Borgnjor's Vile Clutch   Necr/Erth      #.........   100%        5    ######.
 Fireball                 Conj/Fire      #.........   100%        5    ######.
 Irradiate                Conj/Tmut      #.........   100%        5    ######.
 Lee's Rapid Deconstruct  Erth           #.........   100%        5    ######.
 Lightning Bolt           Conj/Air       #.........   100%        5    ######.
 Metabolic Englaciation   Hex/Ice        #.........   100%        5    ######.
 Silence                  Hex/Air        #.........   100%        5    ######.
 Venom Bolt               Conj/Pois      #.........   100%        5    ######.
 Yara's Violent Unravell  Hex/Tmut       #.........   100%        5    ######.
 Darkness                 Hex            #.........   100%        6    #######
 Death Channel            Necr           #.........   100%        6    #######
 Deflect Missiles         Chrm/Air       #.........   100%        6    #######
 Dispersal                Tloc           #.........   100%        6    #######
 Invisibility             Hex            #.......     100%        6    #######
 Simulacrum               Ice/Necr       #.........   100%        6    #######
 Controlled Blink         Tloc           N/A          100%        8    #######
 Discord                  Hex            #.........   100%        8    #######
 Disjunction              Tloc           #.........   100%        8    #######


Dungeon Overview and Level Annotations

Branches:
Dungeon (15/15)            Temple (1/1) D:5            Lair (6/6) D:11
  Swamp (4/4) Lair:3        Snake (4/4) Lair:4        Slime (0/5) Lair:5
    Orc (2/2) D:12            Elf (3/3) Orc:2        Vaults (5/5) D:13
  Crypt (0/3) Vaults:2     Depths (0/5) D:15          IceCv (visited)
Volcano (visited)          WizLab (visited)         Gauntlet (visited)

Altars:
Ashenzari
Cheibriados
Dithmenos
Elyvilon
Gozag
Hepliaklqana
Kikubaaqudgha
Makhleb
Nemelex Xobeh
Okawaru
Qazlal
Ru
Sif Muna
Uskayaw
Vehumet
Wu Jian
Xom
Yredelemnul
Zin
The Shining One
Beogh
Jiyva

Shops:
D:13 }   Orc:2 %=[[   Snake:2 [   Vaults:4 ?

Annotations:
Lair:5 1 runed translucent door, Thargor's ghost, journeyman GrEE


Innate Abilities, Weirdness & Mutations

You reflexively headbutt those who attack you in melee.
You have a pair of horns on your head.
You are agile. (Dex +2)
Your muscles are strong. (Str +2)


Message History

Okawaru accepts your kill. The vault guard barely misses you.
The vault warden hits you with a cursed -3 war axe!!
* * * LOW HITPOINT WARNING * * *
You block the deep elf death mage's attack.
The ancient lich gestures wildly while chanting.
Something hits you but does no damage.
You hit the vault warden but do no damage.
The vault guard barely misses you. You block the vault warden's attack.
You block the deep elf death mage's attack.
You block the vault guard's attack. Something completely misses you.
Unknown command.
You closely miss the vault warden.
You headbutt the vault warden, but do no damage.
The deep elf archer blinks!
The yaktaur captain unwields a +0 arbalest.
You block the yaktaur captain's attack. You block the vault guard's attack.
The ancient lich points at you and mumbles some strange words.
The lance of force hits you!!
You die...

.. #....#..($
....#....#...
....#....#..
..........#
###...)....#####
......<<).......
.....<.p<)......
......p<§p......
......c@†.......
###.2...e{..####
....L..........
....#...$#......
##..#..).#......
#. #.e..#..####
#....#..# #....#


You could see an ancient lich, a vault warden, a yaktaur captain, a balrug, 2
vault guards, a deep elf death mage and a deep elf archer.

Vanquished Creatures
  Mara (Snake:3)
  Frederick (Vaults:3)
  Vashnia (Snake:2)
  A bone dragon (Swamp:4)
  2 deep elf blademasters
  A titan (Vaults:5)
  2 deep elf master archers (Elf:3)
  2 sphinxes (Vaults:2)
  Gastronok (D:11)
  Frances (Swamp:2)
  The ghost of xzight the Severer, an adept MiBe of Trog (Swamp:2)
  The ghost of Yfrazar the Blocker, an adept GnFi of Okawaru (Swamp:2)
  Kirke (Snake:2)
  5 thorn hunters
  Roxanne (Swamp:2)
  10 nagarajas
  The ghost of Linguinho the Brawler, a journeyman TrFi of Jiyva (Elf:1)
  A deep elf sorcerer (Elf:3)
  The ghost of Zachydoop the Severer, a journeyman DsGl of Ru (Swamp:2)
  Louise (Snake:2)
  An orc warlord (Orc:1)
  A frost giant (Vaults:2)
  16 vault wardens
  Aizul (Swamp:2)
  4 deep elf elementalists
  12 ironheart preservers
  3 very ugly things (Vaults:1)
  The ghost of xfalz the Thaumaturge, a journeyman GnSk of Ashenzari (Swamp:2)
  A war gargoyle (Vaults:2)
  2 stone giants
  An entropy weaver (Vaults:4)
  The ghost of ZLogic the Unseen, a journeyman SpEn of Kikubaaqudgha (D:15)
  8 deep elf demonologists
  6 deep elf annihilators (Elf:3)
  A minotaur (Gauntlet)
  An orange crystal statue (WizLab)
  2 ettins
  3 crystal guardians
  A fire dragon (shapeshifter) (Elf:3)
  3 fire dragons
  4 deep elf death magi (Elf:3)
  9 yaktaur captains
  Josephine (Lair:6)
  18 naga warriors
  28 vault guards
  9 ogre magi
  2 deep elf high priests (Elf:3)
  Harold (Orc:1)
  An ice dragon (Vaults:2)
  A rakshasa (Vaults:2)
  5 ghost crabs (Swamp:2)
  12 hydras
  10 anacondas
  41 two-headed ogres
  2 death knights
  A catoblepas (Lair:5)
  A two-headed ogre (shapeshifter) (Vaults:2)
  12 centaur warriors
  17 alligators
  30 dancing weapons
  A deep troll earth mage (Vaults:1)
  A deep troll shaman (Vaults:3)
  An orc high priest (Orc:1)
  A tengu warrior (D:14)
  8 shock serpents
  Sonja (D:11)
  A titan zombie (Abyss:3)
  20 naga sharpshooters
  Nergalle (D:11)
  20 deep elf knights
  A wretched star (Abyss:3)
  2 fire crabs (shapeshifter)
  A storm dragon zombie (Vaults:4)
  7 skeletal warriors
  2 shadow wraiths (Vaults:3)
  A wizard (Vaults:2)
  A salamander mystic (Snake:4)
  5 spriggan druids
  2 flayed ghosts
  10 deep trolls
  3 glowing orange brains
  8 unseen horrors
  2 swamp dragons
  4 naga ritualists
  5 phantasmal warriors
  12 ironbrand convokers
  3 necromancers
  23 deep elf archers
  A harpy (shapeshifter) (Vaults:3)
  2 lindwurms
  2 spectral hydras (Swamp:4)
  7 mana vipers
  35 ugly things
  14 harpies
  A frost giant zombie (Vaults:4)
  61 deep elf magi
  5 wolf spiders
  3 orc sorcerers
  10 orc knights
  12 salamanders
  A tengu skeleton (Vaults:4)
  An oklob plant (Swamp:4)
  A manticore (D:15)
  9 cyclopes
  A cyclops (shapeshifter) (Vaults:5)
  A moth of wrath (shapeshifter) (Vaults:4)
  4 black mambas (shapeshifter)
  A molten gargoyle (Volcano)
  2 centaur zombies (D:15)
  29 black mambas
  3 ice statues
  3 apocalypse crabs (Swamp:2)
  A smoke demon (Abyss:3)
  4 centaur skeletons
  33 naga magi
  14 vault sentinels
  5 torpor snails (Lair:6)
  9 spiny frogs
  3 rime drakes
  6 guardian serpents
  2 swamp worm zombies (Swamp:4)
  A gargoyle (D:13)
  5 orange demons (D:12)
  A minotaur zombie (Gauntlet)
  6 komodo dragons
  31 yaktaurs
  An efreet (D:15)
  8 freezing wraiths
  6 ice devils (IceCv)
  A queen bee (Gauntlet)
  18 trolls
  A meliai (shapeshifter) (Vaults:2)
  4 meliai
  4 red devils (D:12)
  A polar bear (Lair:6)
  Grinder (D:5)
  11 tyrant leeches
  20 blink frogs
  2 hydra zombies (Swamp:4)
  A snapping turtle (shapeshifter) (Vaults:3)
  20 hornets
  17 slime creatures
  A hippogriff (shapeshifter) (Vaults:3)
  9 hippogriffs
  4 spectral swamp dragons (Swamp:4)
  6 bog bodies
  3 air elementals
  3 alligator zombies (Swamp:4)
  An ettin zombie (Vaults:4)
  2 large abominations (Abyss:3)
  A redback (shapeshifter) (Vaults:2)
  3 shadows
  43 yaks
  12 spriggans
  A yak (shapeshifter) (Vaults:3)
  2 fire elementals
  3 wyverns
  A redback (Vaults:4)
  6 water elementals
  6 wraiths
  23 humans
  2 hungry ghosts
  12 fire bats
  A steam dragon (Volcano)
  A neqoxec (Abyss:3)
  A hog (Snake:2)
  5 basilisks
  Menkaure (D:5)
  19 vampire mosquitoes
  3 acid dragons
  17 insubstantial wisps
  10 swamp worms
  6 wargs
  2 soldier ants
  A water moccasin (shapeshifter) (Vaults:3)
  48 nagas
  3 hell hounds (Volcano)
  14 water moccasins
  3 floating eyes (D:10)
  Duvessa (D:5)
  A meliai simulacrum (D:15)
  11 porcupines
  2 sky beasts
  4 ice beasts
  28 orc warriors
  2 black bears
  An eye of draining (D:11)
  8 swamp drakes
  3 boggarts (Vaults:1)
  An ogre (shapeshifter) (Vaults:1)
  7 phantoms
  5 swamp dragon zombies (Swamp:4)
  36 ogres
  16 wolves
  17 centaurs
  A human skeleton (Vaults:4)
  12 crocodiles
  5 big kobolds
  15 bullfrogs
  5 earth elementals
  Dowan (D:5)
  4 scorpions
  15 killer bees
  A wight (D:10)
  An electric eel (Lair:3)
  4 howler monkeys
  5 lava snakes (Volcano)
  14 crimson imps
  A yaktaur simulacrum (Vaults:1)
  4 bullfrog zombies
  2 quasits
  6 hounds
  20 orc wizards
  6 jellies
  21 orc priests
  Crazy Yiuf (D:3)
  A bullfrog skeleton (D:11)
  Terence (D:3)
  8 worker ants
  3 iguanas
  A spectral swamp drake (Swamp:4)
  2 hound zombies
  A hound skeleton (D:5)
  3 worker ant zombies (D:11)
  A howler monkey skeleton (D:6)
  11 gnolls
  13 adders
  A swamp drake zombie (Swamp:4)
  4 shadow imps
  5 white imps (IceCv)
  9 ufetubi (IceCv)
  An ooze (D:1)
  3 worms
  3 adder skeletons
  2 adder zombies
  A dart slug (D:1)
  4 leopard geckos
  82 orcs
  12 bats
  8 giant cockroaches
  2 goblins
  5 hobgoblins
  6 jackals
  29 kobolds
  5 quokkas
  A ball python (D:3)
  5 frilled lizards
  A quokka skeleton (D:6)
  13 rats
  7 briar patches
  2 fungi
  3 plants (Lair:6)
1728 creatures vanquished.

Vanquished Creatures (others)
  A reaper (IceCv)
  A deep elf demonologist (Elf:3)
  A naga warrior (Snake:4)
  An unseen horror (Vaults:1)
  2 bog bodies (Swamp:1)
  4 humans (Snake:2)
  A naga (Snake:4)
  A swamp drake (Swamp:1)
  2 boggarts (Vaults:1)
  A jelly (D:10)
  4 white imps (IceCv)
  6 ufetubi (IceCv)
  2 kobolds
  A briar patch (Swamp:4)
  7 demonic plants (Gauntlet)
  4 fungi (D:11)
  12 plants
  2 withered plants (Swamp:2)
53 creatures vanquished.

Grand Total: 1781 creatures vanquished

Notes
Turn   | Place    | Note
-------+----------+-------------------------------------------
     0 | D:1      | Peloso the Minotaur Fighter began the quest for the Orb.
     0 | D:1      | Reached XP level 1. HP: 19/19 MP: 0/0
   110 | D:1      | Reached XP level 2. HP: 18/27 MP: 1/1
   470 | D:1      | Reached skill level 4 in Shields
   500 | D:1      | Reached XP level 3. HP: 33/33 MP: 2/2
  1071 | D:2      | Reached XP level 4. HP: 39/40 MP: 3/3
  1470 | D:3      | Reached XP level 5. HP: 46/46 MP: 4/4
  1569 | D:3      | Found a hide-covered altar of Uskayaw.
  1858 | D:3      | Found an ancient bone altar of Kikubaaqudgha.
  1912 | D:3      | Noticed Terence
  1921 | D:3      | Killed Terence
  1921 | D:3      | Reached skill level 5 in Shields
  2045 | D:3      | Found a runed translucent door.
  2046 | D:3      | Noticed Crazy Yiuf
  2576 | D:4      | Found a burning altar of Makhleb.
  2577 | D:4      | Found a radiant altar of Vehumet.
  2585 | D:4      | Reached skill level 5 in Armour
  2585 | D:4      | Reached XP level 6. HP: 51/53 MP: 5/5
  2646 | D:4      | Reached skill level 5 in Long Blades
  3390 | D:4      | Found a glowing golden altar of the Shining One.
  3453 | D:4      | Got a slimy chain mail
  3491 | D:5      | Entered Level 5 of the Dungeon
  3491 | D:5      | Noticed Duvessa
  3491 | D:5      | Noticed Dowan
  3500 | D:5      | Killed Duvessa
  3500 | D:5      | Reached skill level 6 in Shields
  3500 | D:5      | Reached XP level 7. HP: 46/60 MP: 6/6
  3626 | D:5      | Killed Dowan
  3703 | D:5      | Found a transporter.
  3706 | D:5      | Found a shimmering blue altar of Sif Muna.
  3706 | D:5      | Found a transporter.
  3707 | D:5      | Noticed a brown ugly thing
  3719 | D:5      | Reached skill level 5 in Fighting
  3719 | D:5      | Reached skill level 1 in Dodging
  3727 | D:5      | Noticed Menkaure
  3733 | D:5      | Found a shimmering altar of Xom.
  3745 | D:5      | Killed Menkaure
  4079 | D:5      | Noticed Grinder
  4091 | D:5      | Reached XP level 8. HP: 56/68 MP: 7/7
  4103 | D:5      | Killed Grinder
  4164 | D:5      | Reached skill level 7 in Shields
  4167 | D:5      | Found a staircase to the Ecumenical Temple.
  4176 | Temple   | Entered the Ecumenical Temple
  4230 | Temple   | Became a worshipper of Warmaster Okawaru
  4647 | D:6      | Found a sacrificial altar of Ru.
  4953 | D:6      | Identified the +2 chain mail of Philately {rF+ Regen+ Str+3
                  | Slay-5} (You found it on level 4 of the Dungeon)
  5187 | D:6      | Reached * piety under Okawaru
  5191 | D:6      | Reached XP level 9. HP: 75/75 MP: 8/8
  5342 | D:6      | Reached skill level 8 in Shields
  5432 | D:6      | Found a white marble altar of Elyvilon.
  5435 | D:6      | Found a sacrificial altar of Ru.
  5438 | D:6      | Found a shadowy altar of Dithmenos.
  5591 | D:7      | Found a stormy altar of Qazlal.
  5604 | D:7      | Found a basalt altar of Yredelemnul.
  6204 | D:8      | Reached ** piety under Okawaru
  6533 | D:8      | Reached skill level 9 in Shields
  6619 | D:8      | Reached skill level 10 in Long Blades
  7190 | D:8      | Found a hazy altar of Hepliaklqana.
  7191 | D:8      | Found a shimmering altar of Xom.
  7192 | D:8      | Noticed a spectral ugly thing
  7658 | D:9      | Noticed a two-headed ogre
  7669 | D:9      | Killed a two-headed ogre
  7669 | D:9      | Reached *** piety under Okawaru
  7669 | D:9      | Reached skill level 10 in Shields
  7669 | D:9      | Reached XP level 10. HP: 70/84 MP: 6/9
  7776 | D:9      | Reached **** piety under Okawaru
  7997 | D:9      | Got a smoking morningstar
  7998 | D:9      | Identified the +8 morningstar of Crawling {pain, rC- Str+2
                  | Int+2 Dex+3} (You found it on level 9 of the Dungeon)
  8220 | D:10     | Entered Level 10 of the Dungeon
  8235 | D:10     | Noticed a two-headed ogre
  8247 | D:10     | Killed a two-headed ogre
  8358 | D:10     | Noticed a two-headed ogre
  8378 | D:10     | Killed a two-headed ogre
  8462 | D:10     | Reached ***** piety under Okawaru
  8487 | D:10     | Killed an unseen horror
  8487 | D:10     | Reached skill level 11 in Shields
  8536 | D:10     | Reached XP level 11. HP: 93/93 MP: 8/10
  8676 | D:10     | Reached skill level 1 in Invocations
  8740 | D:10     | Noticed a two-headed ogre
  8768 | D:10     | Killed a two-headed ogre
  8768 | D:10     | Received a gift from Okawaru
  8769 | D:10     | Found the +10 zealot's sword {holy, *Rage rN+ EV+3}
  8872 | D:10     | Killed an unseen horror
  8872 | D:10     | Reached skill level 10 in Armour
  9081 | D:10     | Paralysed by a floating eye for 4 turns
  9093 | D:10     | Reached skill level 1 in Evocations
  9120 | D:10     | Noticed a deep elf mage
  9129 | D:10     | Killed a deep elf mage
  9870 | D:3      | Killed Crazy Yiuf
 10018 | D:11     | Received a gift from Okawaru
 10071 | D:11     | Noticed Sonja
 10074 | D:11     | Killed Sonja
 10074 | D:11     | Received a gift from Okawaru
 10129 | D:11     | Found a shattered altar of Ashenzari.
 10146 | D:11     | Reached skill level 12 in Shields
 10155 | D:11     | Found a gate leading to a gauntlet.
 10156 | D:11     | Noticed Nergalle
 10169 | D:11     | Killed Nergalle
 10177 | Gauntlet | Entered a Gauntlet
 10177 | Gauntlet | Found a transporter.
 10177 | Gauntlet | Found a transporter.
 10177 | Gauntlet | Found a transporter.
 10178 | Gauntlet | Found a transporter.
 10181 | Gauntlet | Found a transporter.
 10181 | Gauntlet | Found a transporter.
 10187 | Gauntlet | Noticed an oklob plant
 10200 | Gauntlet | Found a transporter.
 10202 | Gauntlet | Found a transporter.
 10210 | Gauntlet | Noticed a large abomination
 10219 | Gauntlet | Noticed a glowing orange brain
 10224 | Gauntlet | Found a transporter.
 10323 | Gauntlet | Found a transporter.
 10327 | Gauntlet | Found a transporter.
 10333 | Gauntlet | Noticed a purple ugly thing
 10334 | Gauntlet | Noticed a purple ugly thing
 10346 | Gauntlet | Found a transporter.
 10351 | Gauntlet | Noticed a glowing orange brain
 10773 | Gauntlet | Killed a glowing orange brain
 10783 | Gauntlet | Killed a purple ugly thing
 10783 | Gauntlet | Reached XP level 12. HP: 105/105 MP: 5/12
 10819 | Gauntlet | Got a pair of fine boots
 10825 | Gauntlet | Identified the cursed +0 pair of boots "Qety" {Str+3} (You
                  | found it in a Gauntlet)
 10833 | Gauntlet | Got a pitted quarterstaff
 10913 | Gauntlet | Identified the cursed +3 shortbow of Bile {velocity, +Fly
                  | rElec rC- rN+ Str+2}
 10913 | Gauntlet | Noticed a minotaur
 10924 | Gauntlet | Killed a minotaur
 10957 | Gauntlet | Identified the +5 quarterstaff of Wist {pain, Int+3} (You
                  | found it in a Gauntlet)
 11016 | D:11     | Received a gift from Okawaru
 11016 | D:11     | Reached skill level 10 in Fighting
 11107 | D:11     | Found a staircase to the Lair.
 11167 | D:11     | Reached skill level 13 in Shields
 11210 | D:11     | Got a crystal flail
 11214 | D:11     | Identified the cursed +1 flail of the Coward {elec, *Noise
                  | rF+ rN+++ SInv} (You found it on level 11 of the Dungeon)
 11226 | D:11     | Identified a +2 pair of boots of running (Okawaru gifted it
                  | to you on level 11 of the Dungeon)
 11555 | Lair:1   | Entered Level 1 of the Lair of Beasts
 11756 | Lair:1   | Noticed a seven-headed hydra
 11767 | Lair:1   | Killed a seven-headed hydra
 11826 | Lair:1   | Reached ****** piety under Okawaru
 11888 | Lair:1   | Reached skill level 1 in Polearms
 12251 | Lair:2   | Noticed an eight-headed hydra
 12260 | Lair:2   | Killed an eight-headed hydra
 12483 | Lair:2   | Identified Easy Magic
 12684 | Lair:2   | Found the +4 robe of Augmentation {Str+4 Int+4 Dex+4}
 13001 | Lair:2   | Received a gift from Okawaru
 13003 | Lair:2   | Reached XP level 13. HP: 71/116 MP: 12/14
 13202 | Lair:3   | Found a staircase to the Swamp.
 13809 | Lair:4   | Reached skill level 14 in Shields
 14223 | Lair:4   | Found a staircase to the Snake Pit.
 15348 | Lair:5   | Found a runed translucent door.
 15492 | Lair:5   | Identified the +2 spear of Maang {pain, rElec Dex+6}
 15495 | Lair:5   | Noticed Thargor's ghost (journeyman GrEE)
 15513 | Lair:5   | Found a viscous altar of Jiyva.
 15514 | Lair:5   | Found a staircase to the Slime Pits.
 15673 | D:11     | Noticed Gastronok
 15683 | D:11     | Killed Gastronok
 15683 | D:11     | Reached skill level 5 in Dodging
 15683 | D:11     | Reached skill level 1 in Stealth
 15773 | D:12     | Received a gift from Okawaru
 15878 | D:12     | Found a frozen archway.
 16019 | IceCv    | Entered an ice cave
 16113 | IceCv    | Killed a reaper
 16435 | D:12     | Reached skill level 15 in Shields
 16440 | D:12     | Reached skill level 15 in Long Blades
 16526 | D:12     | Reached XP level 14. HP: 106/126 MP: 15/15
 16746 | D:12     | Found a staircase to the Orcish Mines.
 16751 | D:12     | Found a roughly hewn altar of Beogh.
 16992 | Orc:1    | Entered Level 1 of the Orcish Mines
 16995 | Orc:1    | Noticed an orc warlord
 17016 | Orc:1    | Killed an orc warlord
 17199 | Orc:1    | Noticed Harold
 17208 | Orc:1    | Killed Harold
 17213 | Orc:1    | Found a dark tunnel.
 17228 | Volcano  | Entered a volcano
 17458 | Volcano  | Found a burning altar of Makhleb.
 17985 | Orc:2    | Entered Level 2 of the Orcish Mines
 18013 | Orc:2    | Received a gift from Okawaru
 18238 | Orc:1    | Reached skill level 16 in Shields
 19040 | Orc:2    | Found Poxorouw's Antique Armour Shop.
 19041 | Orc:2    | Found Qamaph's Food Emporium.
 19056 | Orc:2    | Found Uzuoligg's Armour Emporium.
 19060 | Orc:2    | Found Cobov's Jewellery Shoppe.
 19147 | Orc:2    | Bought a transparent chain mail for 247 gold pieces
 19160 | Orc:2    | Identified the +7 chain mail "Xocs" {rC++ Str+5} (You
                  | bought it in a shop on level 2 of the Orcish Mines)
 19164 | Orc:2    | Bought the +3 warlock's mirror {reflect} for 560 gold
                  | pieces
 19164 | Orc:2    | Found the +3 warlock's mirror {reflect}
 19630 | Orc:2    | Found a staircase to the Elven Halls.
 20785 | Lair:6   | Entered Level 6 of the Lair of Beasts
 20856 | Lair:6   | Received a gift from Okawaru
 21158 | Lair:6   | Reached XP level 15. HP: 137/137 MP: 16/16
 21208 | Lair:6   | Noticed Josephine
 21227 | Lair:6   | Killed Josephine
 21925 | Lair:6   | Found a runed translucent door.
 22251 | Lair:5   | Reached skill level 17 in Shields
 22437 | D:13     | Received a gift from Okawaru
 22500 | D:13     | Received a gift from Okawaru
 22548 | D:13     | Found a gate to the Vaults.
 22697 | D:13     | Found Estrid's Gadget Shoppe.
 23198 | D:14     | Found a snail-covered altar of Cheibriados.
 23217 | D:14     | Reached skill level 15 in Armour
 24115 | D:15     | Entered Level 15 of the Dungeon
 24407 | D:15     | Found a runed translucent gate.
 24407 | D:15     | Found a runed translucent gate.
 24407 | D:15     | Found a runed translucent gate.
 24409 | D:15     | Found an opulent altar of Gozag.
 24423 | D:15     | Noticed ZLogic's ghost (journeyman SpEn)
 24793 | D:15     | Found a staircase to the Depths.
 24797 | D:15     | Received a gift from Okawaru
 24914 | D:15     | Killed ZLogic's ghost
 26065 | Orc:2    | Bought the +2 shield of Resistance {rF+ rC+ MR+} for 1068
                  | gold pieces
 26065 | Orc:2    | Found the +2 shield of Resistance {rF+ rC+ MR+}
 26365 | Elf:1    | Entered Level 1 of the Elven Halls
 26379 | Elf:1    | Reached XP level 16. HP: 147/147 MP: 12/17
 26382 | Elf:1    | Reached skill level 18 in Shields
 26382 | Elf:1    | Cast into level 3 of the Abyss (a deep elf demonologist)
 26474 | Abyss:3  | Gained mutation: You are weak. (Str -2) [a neqoxec]
 26557 | Elf:1    | Escaped the Abyss
 26561 | Orc:2    | Reached skill level 15 in Fighting
 26697 | Orc:2    | Lost mutation: You are weak. (Str -2) [potion of mutation]
 26697 | Orc:2    | Gained mutation: You are agile. (Dex +2) [potion of
                  | mutation]
 26697 | Orc:2    | Gained mutation: Your muscles are strong. (Str +2) [potion
                  | of mutation]
 27607 | Elf:1    | Found a transporter.
 27607 | Elf:1    | Found a transporter.
 27607 | Elf:1    | Noticed Linguinho's ghost (journeyman TrFi)
 28179 | Elf:1    | Killed Linguinho's ghost
 28463 | Elf:2    | Received a gift from Okawaru
 28537 | Elf:2    | Found a runed translucent gate.
 28537 | Elf:2    | Found a runed translucent gate.
 28537 | Elf:2    | Found a runed translucent gate.
 29260 | Elf:3    | Entered Level 3 of the Elven Halls
 29294 | Elf:3    | Found a magical portal.
 30068 | WizLab   | Found the +9 staff of Wucad Mu {channel}
 30684 | Elf:3    | Reached skill level 19 in Shields
 30728 | Elf:3    | Noticed a Tzitzimitl
 30917 | Elf:3    | Reached XP level 17. HP: 156/159 MP: 18/18
 31258 | Elf:3    | Received a gift from Okawaru
 31441 | Elf:3    | Identified the +8 flail of Makhleb {drain, *Drain rC+++
                  | Str+9}
 31471 | Elf:3    | Identified the +6 flail of Tenacity {crush, Fragile rN+ MR+
                  | Str+5}
 31472 | Elf:3    | Identified the +0 scale mail "Jaesk" {rElec Regen+ Int+3
                  | Dex-5}
 31472 | Elf:3    | Noticed a deep elf master archer
 31476 | Elf:3    | Noticed a deep elf blademaster
 31514 | Elf:2    | Killed a deep elf blademaster
 31820 | Elf:3    | Noticed a Tzitzimitl
 31822 | Elf:3    | Received a gift from Okawaru
 31824 | Elf:3    | Noticed a Tzitzimitl
 31831 | Elf:3    | Noticed a Brimstone Fiend
 31838 | Elf:3    | Killed a deep elf master archer
 32351 | Elf:3    | Noticed a deep elf master archer
 32351 | Elf:3    | Noticed a deep elf blademaster
 32376 | Elf:3    | Killed a deep elf blademaster
 32925 | Elf:3    | Noticed a Hell Sentinel
 32944 | Elf:3    | Killed a deep elf master archer
 33490 | Elf:3    | Got a faintly glowing hat
 33501 | Elf:3    | Identified the +1 hat "Qockelif" {+Inv} (You found it on
                  | level 3 of the Elven Halls)
 34117 | Elf:3    | Got a steaming mace
 34118 | Elf:3    | Identified the +5 mace of the Secret Yaks {vamp, rC+} (You
                  | found it on level 3 of the Elven Halls)
 34265 | Elf:2    | Received a gift from Okawaru
 34385 | Elf:2    | Reached skill level 20 in Shields
 35381 | Swamp:1  | Entered Level 1 of the Swamp
 35477 | Swamp:1  | Received a gift from Okawaru
 36125 | Swamp:1  | Got a shimmering pewter amulet
 36127 | Swamp:1  | Identified the amulet of Awe {+Rage rN+ MR+ Slay+3} (You
                  | found it on level 1 of the Swamp)
 36398 | Swamp:1  | Reached XP level 18. HP: 138/170 MP: 19/19
 36611 | Swamp:2  | Noticed Aizul
 36623 | Swamp:2  | Killed Aizul
 36627 | Swamp:2  | Noticed Roxanne
 36642 | Swamp:2  | Killed Roxanne
 37033 | Swamp:2  | Found a runed translucent gate.
 37033 | Swamp:2  | Found a runed translucent gate.
 37033 | Swamp:2  | Found a runed translucent gate.
 37034 | Swamp:2  | Noticed Zachydoop's ghost (journeyman DsGl)
 37034 | Swamp:2  | Noticed xzight's ghost (adept MiBe)
 37035 | Swamp:2  | Noticed Yfrazar's ghost (adept GnFi)
 37035 | Swamp:2  | Noticed xfalz's ghost (journeyman GnSk)
 37146 | Swamp:2  | Received a gift from Okawaru
 37207 | Swamp:2  | Noticed Frances
 37221 | Swamp:2  | Killed Frances
 37432 | Swamp:2  | Found a runed translucent door.
 37542 | Swamp:2  | Killed xfalz's ghost
 37546 | Swamp:2  | Killed xzight's ghost
 37559 | Swamp:2  | Killed Yfrazar's ghost
 37572 | Swamp:2  | Killed Zachydoop's ghost
 38210 | Swamp:3  | Received a gift from Okawaru
 38210 | Swamp:3  | Reached skill level 21 in Shields
 38581 | Swamp:4  | Entered Level 4 of the Swamp
 39997 | Swamp:4  | Noticed a bone dragon
 40017 | Swamp:4  | Killed a bone dragon
 40447 | Swamp:4  | Got a decaying rune of Zot
 41083 | Snake:1  | Entered Level 1 of the Snake Pit
 42014 | Snake:2  | Received a gift from Okawaru
 42030 | Snake:2  | Got a crystal great sword {god gift}
 42031 | Snake:2  | Identified the +1 great sword "Ulirikal" {pain, Int+2}
                  | (Okawaru gifted it to you on level 2 of the Snake Pit)
 42340 | Snake:2  | Found Efiud's Armour Shop.
 42386 | Snake:2  | Reached XP level 19. HP: 153/180 MP: 20/20
 42422 | Snake:2  | Identified the +5 large shield "Fidafina" {MR+}
 42422 | Snake:2  | Noticed Louise
 42439 | Snake:2  | Killed Louise
 42583 | Snake:2  | Noticed Kirke
 42606 | Snake:2  | Killed Kirke
 43083 | Snake:2  | Noticed Vashnia
 43114 | Snake:2  | Killed Vashnia
 43114 | Snake:2  | Reached skill level 22 in Shields
 43176 | Snake:2  | Received a gift from Okawaru
 43786 | Snake:3  | Noticed Mara
 43798 | Snake:3  | Killed Mara
 44758 | Snake:4  | Entered Level 4 of the Snake Pit
 45390 | Snake:4  | Received a gift from Okawaru
 45839 | Snake:4  | Reached XP level 20. HP: 91/191 MP: 21/21
 45903 | Snake:4  | Reached skill level 23 in Shields
 46495 | Snake:4  | Got a serpentine rune of Zot
 46585 | Snake:4  | Received a gift from Okawaru
 46608 | Snake:4  | Got a crystal demon whip {god gift}
 46609 | Snake:4  | Identified the +1 demon whip of Dagos {pain, rPois Dex+3}
                  | (Okawaru gifted it to you on level 4 of the Snake Pit)
 47588 | Vaults:1 | Entered Level 1 of the Vaults
 47771 | Vaults:1 | Received a gift from Okawaru
 47800 | Vaults:1 | Got a transparent spear {god gift}
 47801 | Vaults:1 | Identified the +4 spear of Imbalance {venom, rF+} (Okawaru
                  | gifted it to you on level 1 of the Vaults)
 48865 | Vaults:1 | Received a gift from Okawaru
 49015 | Vaults:1 | Reached skill level 24 in Shields
 49458 | Vaults:1 | Found a portal to a secret trove of treasure.
 49592 | Vaults:2 | Reached XP level 21. HP: 129/202 MP: 22/22
 49666 | Vaults:2 | Found a flickering gateway to a bazaar.
 49683 | Bazaar   | Entered a bazaar
 49705 | Bazaar   | Found Milihyh's Distillery.
 49705 | Bazaar   | Found Caann's Jewellery Shoppe.
 49710 | Bazaar   | Bought a cursed ring of attention for 54 gold pieces
 49718 | Bazaar   | Bought a potion of heal wounds for 55 gold pieces
 49718 | Bazaar   | Bought a potion of might for 44 gold pieces
 49729 | Bazaar   | Found Oqith's Antique Weapon Shoppe.
 49746 | Bazaar   | Found Etsocymo's Book Emporium.
 49746 | Bazaar   | Found Suocil's Distillery.
 49752 | Bazaar   | Bought a potion of might for 52 gold pieces
 49752 | Bazaar   | Bought a potion of might for 52 gold pieces
 50545 | Vaults:2 | Received a gift from Okawaru
 50560 | Vaults:2 | Got a translucent spear {god gift}
 50561 | Vaults:2 | Identified the +5 spear of Valour {protect, rElec Str+4
                  | Dex-4} (Okawaru gifted it to you on level 2 of the Vaults)
 50818 | Vaults:2 | Found a staircase to the Crypt.
 51272 | Vaults:3 | Noticed Frederick
 51282 | Vaults:3 | Killed Frederick
 51872 | Vaults:3 | Received a gift from Okawaru
 51932 | Vaults:3 | Reached skill level 25 in Shields
 52028 | Vaults:3 | You are sucked into a shaft and drop 1 floor!
 52331 | Vaults:4 | Got a translucent broad axe
 52332 | Vaults:4 | Identified the +11 broad axe "Maigired" {drain, Int+4} (You
                  | found it on level 4 of the Vaults)
 52335 | Vaults:4 | Identified a scroll of acquirement
 52381 | Vaults:4 | Found Gineevoi's Magic Scroll Shop.
 52388 | Vaults:4 | Bought a scroll of holy word for 97 gold pieces
 52388 | Vaults:4 | Bought a scroll of holy word for 97 gold pieces
 52388 | Vaults:4 | Bought a scroll of holy word for 97 gold pieces
 53207 | Vaults:3 | Reached XP level 22. HP: 115/212 MP: 23/23
 53838 | Vaults:3 | Received a gift from Okawaru
 53846 | Vaults:3 | Got a transparent double sword {god gift}
 53847 | Vaults:3 | Identified the +4 double sword of Fragile Peace {slice,
                  | rF+} (Okawaru gifted it to you on level 3 of the Vaults)
 54491 | Vaults:1 | You paid a toll of 5 scrolls of blinking to enter a
                  | treasure trove
 54492 | Trove    | Entered a treasure trove
 54544 | Trove    | Got a brightly glowing graven amulet
 54551 | Trove    | Identified the amulet of Tempters {Gourm Int+4} (You found
                  | it in a treasure trove)
 55092 | Lair:1   | Reached skill level 1 in Throwing
 55092 | Lair:1   | Reached skill level 1 in Unarmed Combat
 55092 | Lair:1   | Reached skill level 1 in Charms
 55092 | Lair:1   | Reached XP level 23. HP: 220/220 MP: 23/25
 55093 | Lair:1   | Reached skill level 1 in Spellcasting
 55093 | Lair:1   | Reached XP level 24. HP: 227/227 MP: 23/25
 55327 | Vaults:5 | Entered Level 5 of the Vaults
 56198 | Vaults:5 | Paralysed by a floating eye for 3 turns
 56205 | Vaults:5 | Noticed an ancient lich
 56208 | Vaults:5 | Killed from afar by an ancient lich

Levels and vault maps discovered:
D:1:      eino_arrival_cavern_c, layout_loops_corners
D:2:      layout_rooms
D:3:      layout_loops_ring, old_standard_altar, lemuel_crystal_altar,
          uniq_crazy_yiuf_cottage, uniq_terence
D:4:      layout_gridville, grunt_temple_overflow_lords_of_destruction,
          kennysheep_little_box, first_ration
D:5:      layout_basic, gammafunk_temple_overflow_arena,
          minmay_temple_entry_poolview, basic_altar, uniq_grinder, uniq_duvessa,
          uniq_menkaure
D:6:      layout_loops_ring, grunt_temple_overflow_diamond,
          nicolae_ru_great_annihilating_truth
D:7:      layout_rooms, amethyst_overflow_temple_binary
D:8:      layout_cave_pods, regret_index_temple_of_mockery
D:9:      layout_cave_pools
D:10:     layout_layer_cave, hangedman_stone_soup, st_stairs_7,
          onia_ninara_cookie
D:11:     layout_rooms, grunt_lair_entry_orc_guard_hut, basic_altar,
          gauntlet_entry_generic, minmay_liquid_box, uniq_sonja, uniq_gastronok,
          uniq_nergalle
D:12:     layout_roguey, minmay_orc_entry_temple_small,
          portal_ice_cave_entry_pillars_1, minmay_beelzebubs_servants
D:13:     layout_irregular_city, grunt_vaults_entry_tiered, serial_shops, shop
D:14:     layout_small_grid, minmay_misc_feat_rows, cheibriados_altar_1
D:15:     grunt_enter_depths_snipers, layout_rooms, ebering_ghost_gozag,
          serial_park_avenue1, minmay_fractal_squares_gapless_5
Temple:   jpeg_temple_island
Lair:1:   layout_misc_corridors, st_stairs_6, minmay_holes
Lair:2:   layout_hall_layers, serial_bayou_shore_a
Lair:3:   layout_gridlike, swamp_mist_pool, grunt_megastairs_5,
          lemuel_fruit_tree, infiniplex_staircase_pool_2
Lair:4:   layout_hall_layers, guppyfry_snake_entry_island,
          chequers_serial_rivers_small_a, grunt_forest_small_clearings
Lair:5:   layout_cave_pods, dpeg_slime_entry_enclosed_altar,
          ebering_ghost_funeral_grove
Lair:6:   wormcave, layout_regular_city, hibernation_bobbens, uniq_josephine
Swamp:1:  layout_basic_swamp, evilmike_swamp_ruin_rubble_2,
          infiniplex_staircase_pool
Swamp:2:  gammafunk_mikee_crab_dinner, layout_basic_swamp,
          gammafunk_ghost_cemetery, nicolae_swamp_fairy_circle, swamp_pool4,
          uniq_aizul, uniq_frances, uniq_roxanne
Swamp:3:  layout_basic_swamp, evilmike_swamp_ruin_house_3, swamp_pool5
Swamp:4:  swamp_pestilence, layout_basic_swamp
Snake:1:  layout_grid_maze
Snake:2:  layout_basic, serial_shops, shop, uniq_vashnia, uniq_kirke,
          uniq_louise
Snake:3:  layout_chambers, grunt_megastairs_1, uniq_mara
Snake:4:  snake_pit, layout_cave_town, serial_bayou_shore_b
Orc:1:    layout_caves, nicolae_volcano_entry_batcave, uniq_harold
Orc:2:    st_orc_open, layout_caves
Elf:1:    minmay_elf_arrival_circle, layout_rooms, gammafunk_ghost_arena,
          hangedman_corner_corridor, minivault_27
Elf:2:    layout_geoelf_diagonals, minmay_checkered_concentric_circles
Elf:3:    elf_hall_gauntlet_narrow, layout_onion_city,
          infiniplex_enter_wizlab_water
Vaults:1: nicolae_vaults_big_angled_halls, ontoclasm_vaults_gateway,
          ontoclasm_vaults_hangar, ontoclasm_vaults_spin, st_cross,
          nicolae_vaults_little_ls, nicolae_vaults_network_star,
          vaults_mumra_hex, vaults_room_large_hall, hangedman_vaults_maws,
          nicolae_vaults_yaktaur_gun_rack, nicolae_vaults_little_squares_5,
          vaults_dpeg_diagonal, hangedman_vaults_cutoff,
          vaults_dpeg_encased_lava, vaults_room_semicircle, layout_vaults_ring,
          nicolae_trove_entry_diagonal
Vaults:2: nicolae_vaults_three_branches, vaults_room_fancy_cross, v_rooms_5,
          ontoclasm_vaults_misaligned, v_misc_12, hangedman_vaults_stagger,
          vaults_dpeg_hooks, st_more_cells, layout_vaults_quadrants,
          serial_shops, bzr_in_the_mist
Vaults:3: hangedman_vaults_corner, v_rooms_3, grunt_vaults_bifocal, v_rooms_2,
          vaults_mumra_lcd, grunt_vaults_trifunnel, serial_ice_h, v_misc_17,
          st_smaller_cells, v_rooms_1, v_pattern_3,
          nicolae_vaults_little_squares_2, vaults_room_grid,
          ontoclasm_vaults_ligature, layout_vaults_maze, uniq_frederick
Vaults:4: ontoclasm_vaults_ring_square, nicolae_vaults_little_squares_1,
          ontoclasm_vaults_ring_small, ontoclasm_vaults_twist, st_lines,
          vaults_mumra_chevron_long, v_misc_30, v_pattern_2,
          vaults_room_semicircle, vaults_room_door_ring,
          layout_vaults_omnicross, serial_shops, shop
Vaults:5

Skill      XL: |  1  2  3  4  5  6  7  8  9 10 11 12 13 14 15 16 17 18 19 20 21 22 23 |
---------------+----------------------------------------------------------------------+-----
Armour         | 4 5 6 7 9 10 12 13 14 15 16 17 18 19 | 19.1
Fighting       | 4 5 6 7 9 11 12 13 14 16 17 18 19 20 21 | 21.7
Shields        | 4 5 6 7 10 11 12 13 15 16 17 19 20 21 22 24 25 | 25.9
Long Blades    | 3 4 5 7 9 10 12 13 14 15 16 17 18 19 20 21 22 | 22.4
Dodging        | 1 2 3 4 5 6 7 8 9 |  9.1
Invocations    | 1 2 3 4 |  4.4
Evocations     | 1 2 |  2.4
Polearms       | 2 4 |  4.2
Stealth        | 1 2 3 4 |  4.2
Throwing       | 1 |  1.6
Unarmed Combat | 1 2 |  2.8
Charms         | 1 |  1.5
Spellcasting   | 1 |  1.0

Action                   |  1- 3 |  4- 6 |  7- 9 | 10-12 | 13-15 | 16-18 | 19-21 | 22-24 || total
-------------------------+-------+-------+-------+-------+-------+-------+-------+-------++-------
Melee: Long sword        |    84 |   184 |   490 |   163 |       |       |       |       ||   921
       Headbutt          |     9 |    40 |    96 |   142 |   301 |   404 |   532 |    78 ||  1602
       Eudemon blade     |       |       |       |   391 |   578 |   887 |  1419 |   230 ||  3505
       Demon blade       |       |       |       |    14 |   399 |   451 |       |       ||   864
       Trident           |       |       |       |    10 |    25 |       |       |       ||    35
Invok: Heroism           |       |       |     3 |    14 |     8 |     9 |     3 |       ||    37
       Finesse           |       |       |       |     2 |       |       |       |       ||     2
Evoke: Wand              |       |       |       |     8 |     2 |       |       |       ||    10
  Use: Potion            |     2 |     2 |     1 |       |       |     1 |       |     2 ||     8
       Scroll            |       |     6 |     6 |    11 |     7 |    11 |     6 |     3 ||    50
 Stab: Petrified         |       |       |       |       |     4 |       |       |       ||     4
       Petrifying        |       |       |       |       |     1 |       |       |       ||     1
       Confused          |       |       |       |       |       |     6 |       |       ||     6
  Eat: Chunk             |       |     9 |    10 |    15 |    31 |    17 |    25 |     6 ||   113
       Ration            |       |       |     1 |     1 |     3 |    11 |     3 |     1 ||    20
Armor: Chain mail        |    40 |   100 |   186 |    80 |   196 |   237 |       |       ||   839
       Plate armour      |       |       |       |    90 |   225 |   256 |   324 |    76 ||   971
Dodge: Dodged            |    24 |    35 |   131 |   167 |   613 |   507 |   479 |    96 ||  2052
Block: Shield            |    59 |   106 |   319 |   326 |   495 |  1256 |  1422 |   254 ||  4237
       Buckler           |       |       |       |       |   283 |       |       |       ||   283
       Reflection        |       |       |       |       |    25 |       |       |       ||    25
       Rpst.: Long sword |     9 |     9 |    39 |    12 |       |       |       |       ||    69
       Eudemon blade     |       |       |       |    32 |    88 |    47 |    89 |    15 ||   271
       Demon blade       |       |       |       |       |    48 |    41 |       |       ||    89
